 Dungeon Crawl Stone Soup version 0.29-a0-451-gfbfa42419e (webtiles) character file.

Game seed: 3633399152081771211

28 dabmancer the Magician (level 3, -9/31 HPs)
             Began as an Octopode Hedge Wizard on May 20, 2022.
             Killed by an exploding adder (11 damage)
             ... ignited by their inner flame
             ... on level 1 of the Dungeon.
             The game lasted 00:11:32 (1624 turns).

dabmancer the Magician (Octopode Hedge Wizard)      Turns: 1624, Time: 00:11:33

Health: -9/31      AC: 21    Str:  9    XL:     3   Next: 12%
Magic:  6/8        EV:  2    Int: 18    God:
Gold:   138        SH:  0    Dex: 11    Spells: 5/9 levels left

rFire   + . .      SeeInvis .   g - staff of fire
rCold   . . .      Faith    .   (no shield)
rNeg    . . .      Spirit   .   (helmet currently unavailable)
rPois   +          Reflect  .   (no amulet)
rElec   .          Harm     .   (no ring)
rCorr   .          Rampage  .   (no ring)
Will    .....      NoTele   +   (no ring)
Stlth   ++........              (no ring)
HPRegen 0.10/turn               (no ring)
MPRegen 0.11/turn               (no ring)
                                (no ring)
                                (no ring)

@: mighty, tree-form, hasted, very quick
A: stationary, stasis, torment immunity, boosted hp, almost no armour,
(amphibious), 8 rings, (camouflage 1), (gelatinous body 1), (nimble swimmer 1),
(tentacles)
a: no special abilities


You were on level 1 of the Dungeon.
You were a tree.
You visited 1 branch of the dungeon, and saw 2 of its levels.

You collected 138 gold pieces.

Inventory:

Hand Weapons
 a - a +0 dagger
 j - a +0 mace
 m - a +0 great sword
Missiles
 k - 57 stones
 n - 6 poisoned darts
Armour
 b - a +0 hat (melded)
Magical Staves
 g - a staff of fire (weapon)
Scrolls
 d - a scroll of immolation
 e - a scroll of identify
 i - a scroll of teleportation
Potions
 c - a potion of magic


   Skills:
 + Level 2.0 Dodging
 + Level 2.8 Stealth
 + Level 3.7 Spellcasting
 + Level 1.5 Conjurations
 + Level 1.0 Summonings
 + Level 1.0 Translocations


You had 5 spell levels left.
You knew the following spells:

 Your Spells              Type           Power      Damage    Failure   Level
a - Magic Dart            Conj           32%        1d4       9%          1
b - Foxfire               Conj/Fire      36%        2x1d5     11%         1
c - Blink                 Tloc           12%        N/A       16%         2

Your spell library contained the following spells:

 Spells                   Type           Power      Damage    Failure   Level
 Slow                     Hex            12%        N/A       16%         1
 Call Imp                 Summ           6%         N/A       16%         2
 Conjure Flame            Conj/Fire      9%         6-21      32%         3
 Mephitic Cloud           Conj/Pois/Air  5%         N/A       36%         3
 Hailstorm                Conj/Ice       6%         3d4       73%         4
 Iskenderun's Battlesphe  Conj           8%         2d6       92%         5
 Lehudib's Crystal Spear  Conj/Erth      3%         10d2      100%        8


Dungeon Overview and Level Annotations

Branches:
Dungeon (2/15)

Altars:


Innate Abilities, Weirdness & Mutations

You are a tree.
Your roots penetrate the ground, keeping you stationary.
You cannot be teleported.
You are immune to unholy pain and torment.
Your maximum health is greatly increased.
You cannot wear most types of armour.
((You are amphibious.))
You can wear up to eight rings at the same time.
((Your skin changes colour to match your surroundings (Stealth+).))
((Your rubbery body absorbs attacks. (AC +1, EV +1)))
((You are camouflaged when in or above water. (Stealth+)))
((You have tentacles for arms and can constrict up to eight enemies at once.))


Message History

The adder bites you but does no damage.
You closely miss the adder.
The adder is severely wounded.
The adder bites you but does no damage. x2
You barely miss the adder.
The adder is severely wounded.
The adder bites you.
* * * LOW HITPOINT WARNING * * *
The adder bites you but does no damage.
It was a potion of haste.
You feel yourself speed up. The adder barely misses you.
It was a potion of might.
You feel very mighty all of a sudden. The adder bites you but does no damage.
You barely miss the adder.
The adder is severely wounded.
The adder bites you but does no damage.
You barely miss the adder.
The adder is severely wounded.
The adder bites you but does no damage.
You miss the adder.
The adder is severely wounded.
The adder bites you.
* * * LOW HITPOINT WARNING * * *
You cannot teleport because you are held in place by your roots.
As you read the scroll labelled ADEUZXIOSE, it crumbles to dust.
The scroll dissolves into smoke.
It was a scroll of fog.
The adder bites you but does no damage.
You cannot move.
As you read the scroll labelled MUHORO YRPHE, it crumbles to dust.
The creatures around you are filled with an inner flame!
It was a scroll of immolation.
The adder bites you but does no damage.
As you read the scroll labelled TINYUL LEYPH, it crumbles to dust.
You feel momentarily disoriented.
It was a scroll of magic mapping.
The adder bites you but does no damage.
Unknown command.
You hit the adder!
The adder explodes!
The fiery explosion engulfs you! You resist.
You die...

####.#...# #.#
#....#.#.# #.#
#.######.# #.#
#.[......###.####
................#
................#
#'###.........§§#
#.####'....8..§§##
..##..##......§§♣#
.###.#####....§###
.#...#...#.....#
.#.###.#.##....#
.#.....#..#'...#
##.######..#...#
.#.##...#####..#
'#'##.#.#...#..#
...##.#.#.#.#..#


There were no monsters in sight!

Vanquished Creatures
  An adder (D:1)
  A worm (D:2)
  A ball python (D:2)
  A bat (D:2)
  7 endoplasms
  A giant cockroach (D:1)
  A goblin (D:2)
  A hobgoblin (D:1)
  2 quokkas (D:1)
  A frilled lizard (D:1)
  A kobold (D:1)
  5 rats
23 creatures vanquished.

Vanquished Creatures (others)
  2 foxfires (D:2)
2 creatures vanquished.

Grand Total: 25 creatures vanquished

Notes
Turn   | Place    | Note
-------+----------+-------------------------------------------
     0 | D:1      | dabmancer the Octopode Hedge Wizard began the quest for the
                  | Orb.
     0 | D:1      | Reached XP level 1. HP: 11/11 MP: 4/4
   351 | D:1      | Reached XP level 2. HP: 17/17 MP: 0/6
   909 | D:1      | Identified 2 scrolls of acquirement
   910 | D:1      | Acquired the Almanac of Attacks
  1015 | D:1      | Acquired a staff of fire
  1021 | D:1      | Learned a level 1 spell: Foxfire
  1024 | D:1      | Learned a level 2 spell: Blink
  1515 | D:2      | Reached XP level 3. HP: 21/21 MP: 5/8
  1624 | D:1      | Killed by an exploding adder... ignited by their inner
                  | flame

Illustrated notes

Levels and vault maps discovered:
D:1:      nicolae_arrival_somewhat_less_tricky_arrival, layout_basic,
          chequers_serial_rivers_micro_d, minmay_small_reverse_x
D:2:      layout_basic

Action                   || total
-------------------------++-------
Melee: Dagger            ||     4
       Tentacles         ||     5
       Staff             ||    29
       Constrict         ||     4
 Cast: Magic Dart        ||    49
       Foxfire           ||     1
  Use: Scroll            ||     8
       Potion            ||     3
Armor: Skin              ||    22
Dodge: Dodged            ||    18

Table legend: (Time is in decaauts)
 A = Elapsed time spent in this place.
 B = Non-inter-level travel time spent in this place.
 C = Inter-level travel time spent in this place.
 D = Time resting spent in this place.
 E = Time spent auto-exploring this place.
 F = Levels seen in this place.
 G = Mean time per level.
                   A        B        C        D        E       F      G
               +--------+--------+--------+--------+--------+-----+--------+
         Total |   1626 |   1598 |     28 |    275 |   1085 |   2 |  813.0 |
       Dungeon |   1626 |   1598 |     28 |    275 |   1085 |   2 |  813.0 |
               +--------+--------+--------+--------+--------+-----+--------+

Top non-repeatable levels by time:
     D:1: 1096 daAuts
     D:2: 529 daAuts
